AoeStats
← Didi

Nomad

510003044Analyzed
4v4 RM · 4d ago on Sep 29, 2026· 20m 55s· 8 players
Game mode
Random Map
Map size
231×231
Population
200
Speed
Normal
Resources
Standard
Victory
Conquest
Starting age
Dark Age
Ending age
Imperial Age
RankedLock teamsTeams togetherTeam positionsShared explorationLock speedFull tech treeHidden civsTurbo modeCheats
Victory
Defeat
🇦🇷 Ethiopians · Argentina
1587
+13
🇺🇸 Armenians · United States
1541
+15
🇧🇷 Huns · Brazil
1532
+16
🇧🇷 Gurjaras · Brazil
1461
+18
🇦🇷 Persians · Argentina
1682
-21
🇨🇳 Maya · China
1522
-16
🇲🇽 Spanish · Mexico
1461
-13
🇧🇷 Varangians · Brazil
1425
-12
Random
13:11 Feudal Age
13:54 Double-Bit Axe
16:08 Wheelbarrow
15:19 Town Watch
15:19 Loom
15:17 Horse Collar
16:17 Loom
19:32 Castle Age
18:57 Horse Collar
20:26 Medium Warships
20:30 Forging
20:55 Bow Saw
21:57 Iron Casting
Perseu
3:25 Loom
13:54 Feudal Age
15:46 Double-Bit Axe
18:03 Castle Age
16:51 Fletching
16:52 Gold Mining
20:13 Bow Saw
20:25 Fishing Lines
20:51 Bodkin Arrow
Newlife
5:02 Loom
12:49 Feudal Age
14:09 Wheelbarrow
13:21 Double-Bit Axe
13:49 Fishing Lines
19:47 Fishing Lines
Didi
3:36 Loom
13:47 Feudal Age
14:14 Double-Bit Axe
20:36 Castle Age
18:45 Gold Mining
20:09 Fletching
20:41 Crossbowman
21:17 Bodkin Arrow
[GDL]Cucumber
5:01 Loom
12:20 Feudal Age
20:33 Castle Age
19:29 Gold Mining
19:27 Double-Bit Axe
19:35 Stone Mining
19:28 Horse Collar
Mati
5:44 Loom
13:57 Feudal Age
14:19 Town Watch
14:20 Double-Bit Axe
14:27 Fishing Lines
19:21 Castle Age
17:24 Gold Mining
20:08 Medium Warships
20:35 Gillnets
20:58 Bow Saw
21:26 Scale Barding Armor
我是你巴巴
4:35 Loom
12:09 Feudal Age
TmZ_Mosquito Sedutor
3:19 Loom
13:05 Feudal Age
19:03 Double-Bit Axe
19:06 Arson
19:10 Horse Collar
20:29 Wheelbarrow
19:48 Gold Mining
20:28 Scale Mail Armor
20:39 Forging
Connection lost

Rejoining the realm…

Still unreachable

The connection could not be restored.

Session expired

The server has moved on; the page needs a fresh start.